AoeStats
← GL

Arena

509963835Analyzed
1v1 RM · 2d ago on Sep 28, 2026· 44m 37s· 2 players
Game mode
Random Map
Map size
Tiny (2 player)
Population
200
Speed
Normal
Resources
Standard
Victory
Conquest
Starting age
Dark Age
Ending age
Imperial Age
RankedLock teamsTeams togetherTeam positionsShared explorationLock speedFull tech treeHidden civsTurbo modeCheats
Victory
Defeat
🇦🇷 Britons · Argentina
667
+11
🇩🇪 Celts · Germany
561
-11
d.olla
2:16 Loom
10:36 Feudal Age
11:20 Double-Bit Axe
11:25 Horse Collar
19:56 Castle Age
18:09 Stone Mining
18:34 Gold Mining
20:02 Scale Mail Armor
21:11 Chain Mail Armor
21:35 Bow Saw
22:24 Wheelbarrow
21:54 Heavy Plow
21:43 Pikeman
24:00 Stone Shaft Mining
24:05 Gold Shaft Mining
23:35 Gambesons
26:18 Man-at-Arms
27:14 Forging
29:29 Hand Cart
32:02 Imperial Age
32:48 Arson
32:32 Long Swordsman
34:14 Hoardings
38:30 Plate Mail Armor
38:37 Iron Casting
39:17 Onager
40:41 Hoardings
39:55 Heavy Scorpion
42:20 Conscription
42:55 Furor Celtica
43:11 Siege Onager
43:21 Halberdier
GL
10:50 Feudal Age
10:56 Feudal Age
11:17 Double-Bit Axe
17:40 Castle Age
16:10 Horse Collar
19:02 Bow Saw
21:52 Heavy Plow
28:10 Imperial Age
26:35 Padded Archer Armor
26:24 Crossbowman
29:34 Fletching
31:32 Chemistry
31:28 Conscription
30:30 Arbalester
31:25 Loom
33:09 Leather Archer Armor
33:52 Bodkin Arrow
36:33 Ring Archer Armor
36:04 Bracer
36:41 Wheelbarrow
37:10 Two-Man Saw
37:21 Scale Mail Armor
37:31 Forging
38:16 Ballistics
38:58 Hand Cart
41:52 Iron Casting
41:33 Chain Mail Armor
Connection lost

Rejoining the realm…

Still unreachable

The connection could not be restored.

Session expired

The server has moved on; the page needs a fresh start.